 Dungeon Crawl Stone Soup version 0.22-a0-271-gc000056a37 (webtiles) character file.

105449 Apachew the Executioner (level 15, 0/139 HPs)
             Began as a Minotaur Berserker on Mar 12, 2018.
             Was the Champion of Trog.
             Slain by an 11-headed hydra (1 damage)
             ... called by a spriggan druid
             ... on level 2 of the Swamp.
             The game lasted 01:15:34 (22660 turns).

Apachew the Executioner (Minotaur Berserker)       Turns: 22660, Time: 01:15:35

Health: 0/139      AC: 28    Str: 24    XL:     15   Next: 94%
Magic:  4/4        EV: 13    Int:  4    God:    Trog [******]
Gold:   1191       SH:  0    Dex: 12    Spells: 14/14 levels left

rFire    . . .     SeeInvis .   a - +5 executioner's axe (antimagic)
rCold    + . .     Gourm    .   (shield currently unavailable)
rNeg     . . .     Faith    +   i - +0 plate armour of Itata {rPois Regen+ Str-2}
rPois    +         Spirit   .   U - +2 hat
rElec    .         Reflect  .   j - +2 cloak {rPois}
rCorr    .         Harm     .   o - +1 pair of gloves
MR       ++...                  l - +2 pair of boots {Fly}
Stlth    ..........             E - amulet of faith
HPRegen  0.73/turn              k - ring of protection from cold
MPRegen  0.09/turn              P - ring of protection from magic

@: flying
A: retaliatory headbutt, horns 2, low mp 1
a: Berserk, Trog's Hand, Brothers in Arms, Renounce Religion, Stop Flying


You were on level 2 of the Swamp.
You worshipped Trog.
Trog was exalted by your worship.
You were not hungry.

You visited 5 branches of the dungeon, and saw 26 of its levels.
You visited 1 bazaar.
You also visited: Ossuary.

You collected 2826 gold pieces.
You spent 1635 gold pieces at shops.

Inventory:

Hand Weapons
 a - a +5 antimagic executioner's axe (weapon)
 b - a +5 triple crossbow of flaming
 w - a +1 broad axe of flaming
 F - a +3 battleaxe of freezing
 N - a +4 antimagic executioner's axe
 S - a +6 battleaxe of venom
 Y - a +2 vampiric battleaxe
Missiles
 W - 88 bolts
Armour
 i - the +0 plate armour of Itata (worn) {rPois Regen+ Str-2}
   (You bought it in a shop on level 12 of the Dungeon)

   It affects your strength (-2).
   It protects you from poison.
   It increases your rate of regeneration.
 j - a +2 cloak of poison resistance (worn)
 l - a +2 pair of boots of flying (worn)
 o - a +1 pair of gloves (worn)
 U - a +2 hat (worn)
Jewellery
 k - a ring of protection from cold (left hand)
 t - an uncursed amulet of guardian spirit
 x - an uncursed ring of protection from cold
 E - an amulet of faith (around neck)
 L - an uncursed amulet of regeneration
 P - a ring of protection from magic (right hand)
 V - an uncursed amulet of the gourmand
Wands
 m - a wand of polymorph (13)
 z - a wand of iceblast (8)
 G - a wand of scattershot (4)
 M - a wand of acid (33)
 T - a wand of disintegration (7)
Scrolls
 d - 4 scrolls of fear
 e - 10 scrolls of identify
 g - 13 scrolls of teleportation
 p - 2 scrolls of fog
 u - a scroll of enchant armour
 y - a scroll of immolation
 B - 8 scrolls of remove curse
 C - 3 scrolls of blinking
 J - 4 scrolls of enchant weapon
 Q - 5 scrolls of magic mapping
 X - a scroll of silence
 Z - a scroll of holy word
Potions
 f - 4 potions of haste
 h - 9 potions of curing
 q - 8 potions of heal wounds
 r - 6 potions of brilliance
 s - 8 potions of might
 v - 2 potions of invisibility
 A - 4 potions of mutation
 D - 10 potions of lignification
 H - 2 potions of magic
 I - 2 potions of resistance
 K - a potion of cancellation
 O - 7 potions of agility
Comestibles
 c - 45 rations
 n - a chunk of flesh


   Skills:
 + Level 14.3 Fighting
 + Level 21.7 Axes
 * Level 3.5 Crossbows
 + Level 14.2 Armour
 + Level 13.1 Dodging


You had 14 spell levels left.
You didn't know any spells.

Dungeon Overview and Level Annotations

Branches:
Dungeon (15/15)            Temple (1/1) D:7            Lair (6/6) D:11
  Swamp (2/4) Lair:4       Spider (0/4) Lair:2        Slime (0/5) Lair:6
    Orc (2/2) D:11            Elf (0/3) Orc:2        Vaults (0/5) D:13
 Depths (0/5) D:15

Altars:
Ashenzari
Cheibriados
Dithmenos
Elyvilon
Fedhas
Gozag
Hepliaklqana
Kikubaaqudgha
Makhleb
Nemelex Xobeh
Okawaru
Qazlal
Ru
Sif Muna
Trog
Uskayaw
Vehumet
Wu Jian
Xom
Yredelemnul
Zin
The Shining One
Beogh
Jiyva

Shops:
D:7 }   D:8 !   D:12 [   Orc:2 (%([}


Innate Abilities, Weirdness & Mutations

You reflexively headbutt those who attack you in melee.
You have a pair of horns on your head.
Your magical capacity is low. (-10% MP)


Message History

The swamp worm is healed.
The ten-headed hydra seems to grow more fierce.
The swamp worm seems to grow more fierce.
You kill the spriggan druid!
Trog accepts your kill.
Trog appreciates your killing of a magic user.
The forest abruptly stops moving.
You closely miss the swamp worm.
You hack one of the ten-headed hydra's heads off!
The nine-headed hydra grows two more!
You slash the 11-headed hydra! The swamp worm misses you.
The 11-headed hydra bites you!
* * * LOW HITPOINT WARNING * * *
The 11-headed hydra bites you!
* * * LOW HITPOINT WARNING * * *
The 11-headed hydra bites you.
* * * LOW HITPOINT WARNING * * *
The 11-headed hydra barely misses you. x2; The 11-headed hydra bites you!!
* * * LOW HITPOINT WARNING * * *
The 11-headed hydra bites you but does no damage.
The 11-headed hydra bites you.
You die...

♣..≈≈.§♣ ♣§..♣≈≈≈♣
♣♣♣♣....♣♣♣♣♣♣♣♣♣♣♣♣
♣..♣.≈§...≈♣.♣♣
♣♣.≈.≈≈≈≈..≈..♣♣♣
♣♣♣♣≈.≈≈≈≈......♣♣♣♣ ♣♣
♣♣♣≈≈..≈≈≈≈≈....♣♣♣♣ .♣
♣.≈♣≈.≈≈≈≈)..≈≈≈.♣♣ .♣♣
♣♣♣♣♣.≈≈≈≈w)♣♣≈i≈.♣ .≈♣
♣♣.≈.≈...>..@♣♣♣♣≈≈♣ ..♣
♣.≈≈≈...♣.≈.D≈♣♣♣≈≈♣ ≈♣♣
♣.≈≈≈≈...≈≈....♣♣♣≈♣ ♣♣
♣.≈....≈≈....≈..♣♣≈♣ ♣
♣♣♣≈..≈≈.≈.≈.≈≈≈..♣♣≈♣♣
♣♣...§.♣♣.....≈≈≈≈♣♣.≈≈♣
♣♣....≈.≈♣♣....≈≈≈≈♣♣≈≈≈♣
♣♣.≈.♣♣.♣♣♣♣♣.§≈≈≈≈♣.≈≈≈♣
.........≈.♣♣≈..≈.♣♣≈≈≈♣♣


You could see a 11-headed hydra and a swamp worm.

Vanquished Creatures
  Gastronok (Lair:1)
  Kirke (D:12)
  A thorn hunter (Swamp:1)
  An emperor scorpion (D:15)
  An orc warlord (Orc:2)
  Nessos (D:12)
  An ettin (Orc:1)
  Snorg (D:12)
  Josephine (Lair:6)
  An ogre mage (D:13)
  An ice dragon (Lair:4)
  11 hydras
  The ghost of Xiin the Unseen, a journeyman SpEn of Dithmenos (D:13)
  6 two-headed ogres
  7 alligators
  3 centaur warriors
  Erica (Lair:1)
  6 death yaks (Lair:4)
  Urug (D:12)
  A spriggan berserker (Swamp:2)
  An unseen horror (D:13)
  A spriggan druid (Swamp:2)
  3 swamp dragons
  A shambling mangrove (Swamp:2)
  An ugly thing (D:11)
  3 orc knights
  4 orc sorcerers
  2 wolf spider zombies
  2 deep elf magi
  A salamander (D:15)
  3 cyclopes
  2 manticores
  5 centaur zombies
  Joseph (Lair:1)
  A torpor snail (Lair:4)
  3 black mambas
  25 spiny frogs
  A rime drake (Lair:5)
  A freezing wraith (D:14)
  6 komodo dragons
  A kobold demonologist (D:13)
  An efreet (D:15)
  6 meliai
  4 trolls
  6 hornets
  A queen bee (Lair:5)
  5 tyrant leeches (Lair:6)
  2 polar bears
  3 bog bodies
  A jumping spider (shapeshifter) (D:15)
  2 dream sheep (Lair:4)
  12 slime creatures
  8 hippogriffs
  23 blink frogs
  Sigmund (D:3)
  A meliai zombie (D:15)
  2 spriggans (Swamp:2)
  2 shadows
  2 water elementals
  3 redbacks (Lair:2)
  A yak (shapeshifter) (D:14)
  7 wraiths
  A vampire (D:15)
  2 wyverns
  A human (D:7)
  10 hogs
  31 yaks
  2 basilisks
  6 vampire mosquitoes (Lair:6)
  2 hungry ghosts
  6 insubstantial wisps (Swamp:1)
  A soldier ant (D:12)
  2 wargs (Orc:2)
  Edmund (D:4)
  An acid dragon (D:12)
  13 swamp worms
  10 porcupines
  14 water moccasins
  4 ice beasts
  3 swamp drakes
  3 sky beasts
  2 black bears (D:9)
  An eye of draining (D:13)
  A phantom (D:4)
  29 orc warriors
  13 wolves
  12 ogres
  11 centaurs
  14 crocodiles
  4 big kobolds
  23 bullfrogs
  3 scorpions
  31 killer bees
  14 wights
  9 electric eels
  2 howler monkeys
  7 crimson imps
  A human zombie (Ossuary)
  2 quasits
  3 bullfrog skeletons
  9 hounds
  A bullfrog zombie (D:13)
  3 centaur skeletons
  A jelly (D:10)
  A gnoll shaman (Orc:1)
  26 orc priests
  31 orc wizards
  9 worker ants
  5 iguanas
  5 hell rats (Lair:6)
  A big kobold zombie (Ossuary)
  3 mummies (Ossuary)
  A worker ant zombie (D:6)
  11 adders
  13 gnolls
  A howler monkey skeleton (D:8)
  7 shadow imps
  An adder zombie (D:5)
  3 worms (D:2)
  5 dart slugs
  6 leopard geckos
  111 orcs
  8 giant cockroaches
  2 gnoll zombies (Ossuary)
  9 goblins
  6 hobgoblins
  14 jackals
  4 quokkas
  2 ball pythons
  6 bats (D:1)
  7 frilled lizards
  A goblin zombie (Ossuary)
  A hobgoblin zombie (Ossuary)
  A jackal skeleton (D:4)
  26 kobolds
  2 kobold zombies (Ossuary)
  2 leopard gecko skeletons
  A quokka zombie (D:5)
  3 rats
  3 fungi
  10 plants
866 creatures vanquished.

Vanquished Creatures (collateral kills)
  A thorn hunter (Swamp:1)
  An orc high priest (Orc:2)
  An orc knight (Orc:2)
  The ghost of Apachew the Cleaver, a novice MiBe of Trog (D:6)
  A warg (Orc:2)
  2 orc warriors (Orc:2)
  2 wolves (Lair:4)
  An ogre (Orc:2)
  A crocodile (Lair:4)
  2 orc priests (Orc:2)
  3 orc wizards
  3 orcs (Orc:2)
19 creatures vanquished.

Vanquished Creatures (others)
  A swamp drake (Swamp:2)
  8 fungi
  24 plants
  5 toadstools (Swamp:1)
38 creatures vanquished.

Grand Total: 923 creatures vanquished

Notes
Turn   | Place    | Note
-------+----------+-------------------------------------------
     0 | D:1      | Apachew the Minotaur Berserker began the quest for the Orb.
     0 | D:1      | Reached XP level 1. HP: 19/19 MP: 0/0
   205 | D:1      | Reached skill level 4 in Axes
   447 | D:1      | Reached XP level 2. HP: 24/26 MP: 1/1
   742 | D:1      | Reached skill level 5 in Axes
   747 | D:1      | Reached XP level 3. HP: 24/31 MP: 2/2
   748 | D:1      | Reached ** piety under Trog
  1248 | D:2      | Found a blossoming altar of Fedhas.
  1280 | D:2      | Found a sparkling altar of Nemelex Xobeh.
  1361 | D:2      | Found a shattered altar of Ashenzari.
  1363 | D:2      | Found a burning altar of Makhleb.
  1363 | D:2      | Found a basalt altar of Yredelemnul.
  1363 | D:2      | Found a hazy altar of Hepliaklqana.
  1372 | D:2      | Reached skill level 6 in Axes
  1372 | D:2      | Reached XP level 4. HP: 39/39 MP: 3/3
  1914 | D:3      | Reached skill level 7 in Axes
  1914 | D:3      | Reached XP level 5. HP: 45/45 MP: 4/4
  2001 | D:3      | Reached *** piety under Trog
  2199 | D:3      | Noticed Sigmund
  2209 | D:3      | Killed Sigmund
  2209 | D:3      | Reached skill level 8 in Axes
  2209 | D:3      | Reached XP level 6. HP: 51/51 MP: 5/5
  2495 | D:4      | Reached skill level 9 in Axes
  2749 | D:4      | Reached XP level 7. HP: 17/57 MP: 6/6
  2961 | D:4      | Reached skill level 10 in Axes
  3422 | D:4      | Noticed Edmund
  3445 | D:4      | Killed Edmund
  3641 | D:5      | Entered Level 5 of the Dungeon
  3646 | D:5      | Reached skill level 11 in Axes
  3689 | D:5      | Reached **** piety under Trog
  3693 | D:5      | Reached XP level 8. HP: 54/64 MP: 3/7
  3702 | D:5      | Found a bloodstained altar of Trog.
  3750 | D:5      | Reached skill level 12 in Axes
  3780 | D:5      | Got a warped trident
  3781 | D:5      | Identified the +10 trident of the Known World {venom, *Contam rPois Stlth+} (You found it on level 5 of the Dungeon)
  4012 | D:5      | Found a sand-covered staircase.
  4017 | Ossuary  | Entered an ossuary
  4604 | D:6      | Reached skill level 13 in Axes
  4613 | D:6      | Noticed Apachew's ghost (novice MiBe)
  4623 | D:6      | Killed Apachew's ghost
  4626 | D:6      | Reached XP level 9. HP: 60/70 MP: 8/8
  5141 | D:7      | Found Iwkycw Besch's Gadget Boutique.
  5157 | D:7      | Reached skill level 14 in Axes
  5407 | D:7      | Found a staircase to the Ecumenical Temple.
  5433 | Temple   | Entered the Ecumenical Temple
  5570 | D:7      | Found an opulent altar of Gozag.
  5757 | D:7      | Reached ***** piety under Trog
  5757 | D:7      | Reached skill level 5 in Fighting
  6268 | D:8      | Reached skill level 5 in Armour
  6340 | D:8      | Received a gift from Trog
  6375 | D:8      | Gained mutation: Your magical capacity is low. (-10% MP) [mutagenic glow]
  6510 | D:8      | Found a deep blue altar of Sif Muna.
  6612 | D:8      | Reached XP level 10. HP: 63/83 MP: 2/8
  6832 | D:8      | Found Ufrogul's Distillery.
  6836 | D:8      | Bought a potion of agility for 64 gold pieces
  6836 | D:8      | Bought a potion of heal wounds for 80 gold pieces
  6836 | D:8      | Bought a potion of curing for 48 gold pieces
  6836 | D:8      | Bought a potion of might for 64 gold pieces
  6900 | D:9      | Found a glowing silver altar of Zin.
  6912 | D:9      | Reached skill level 5 in Dodging
  7111 | D:9      | Found an ornate altar of the Wu Jian Council.
  7277 | D:9      | Reached skill level 15 in Axes
  7756 | D:10     | Entered Level 10 of the Dungeon
  8197 | D:10     | Received a gift from Trog
  8710 | D:11     | Noticed a red ugly thing
  8718 | D:11     | Killed a red ugly thing
  9041 | D:11     | Noticed a four-headed hydra
  9076 | D:11     | Found a staircase to the Orcish Mines.
  9145 | D:11     | Noticed a two-headed ogre
  9150 | D:11     | Killed a two-headed ogre
  9150 | D:11     | Reached XP level 11. HP: 72/94 MP: 8/8
  9322 | D:11     | Reached skill level 16 in Axes
  9342 | D:11     | Found a shimmering altar of Xom.
  9373 | D:11     | Found a staircase to the Lair.
  9675 | D:11     | Received a gift from Trog
  9824 | Lair:1   | Entered Level 1 of the Lair of Beasts
  9835 | Lair:1   | Noticed Joseph
  9854 | Lair:1   | Killed Joseph
  9854 | Lair:1   | Reached ****** piety under Trog
 10017 | Lair:1   | Noticed Gastronok
 10024 | Lair:1   | Killed Gastronok
 10324 | Lair:1   | Noticed Erica
 10332 | Lair:1   | Killed Erica
 10574 | Lair:2   | Found a hole to the Spider Nest.
 11294 | Lair:3   | Reached skill level 17 in Axes
 11353 | Lair:3   | Reached XP level 12. HP: 85/105 MP: 9/9
 11725 | Lair:3   | Received a gift from Trog
 11750 | Lair:3   | Noticed a seven-headed hydra
 12318 | Lair:3   | Killed a two-headed hydra
 12476 | Lair:4   | Reached skill level 10 in Fighting
 12623 | Lair:4   | Noticed a four-headed hydra
 12624 | Lair:4   | Reached skill level 10 in Armour
 12634 | Lair:4   | Killed a one-headed hydra
 12804 | Lair:4   | Noticed a death yak
 12804 | Lair:4   | Noticed a death yak
 12807 | Lair:4   | Noticed a death yak
 12808 | Lair:4   | Noticed a death yak
 12808 | Lair:4   | Killed a death yak
 12808 | Lair:4   | Reached skill level 18 in Axes
 12815 | Lair:4   | Noticed a death yak
 12822 | Lair:4   | Killed a death yak
 12824 | Lair:4   | Noticed a death yak
 12828 | Lair:4   | Killed a death yak
 12831 | Lair:4   | Killed a death yak
 12840 | Lair:4   | Killed a death yak
 12843 | Lair:4   | Killed a death yak
 12873 | Lair:4   | Noticed an ice dragon
 12884 | Lair:4   | Killed an ice dragon
 13006 | Lair:4   | Reached XP level 13. HP: 103/115 MP: 10/10
 13075 | Lair:4   | Found a staircase to the Swamp.
 13083 | Lair:4   | Received a gift from Trog
 13470 | Lair:5   | Reached skill level 10 in Dodging
 14196 | Lair:6   | Entered Level 6 of the Lair of Beasts
 14210 | Lair:6   | Reached skill level 19 in Axes
 14368 | Lair:6   | Received a gift from Trog
 14706 | Lair:6   | Noticed Josephine
 14711 | Lair:6   | Killed Josephine
 14958 | Lair:6   | Reached XP level 14. HP: 123/126 MP: 11/11
 14965 | Lair:6   | Found a staircase to the Slime Pits.
 14965 | Lair:6   | Found a viscous altar of Jiyva.
 15299 | Lair:6   | Received a gift from Trog
 15882 | D:12     | Noticed Nessos
 15890 | D:12     | Killed Nessos
 15921 | D:12     | Noticed Urug
 15935 | D:12     | Killed Urug
 15969 | D:12     | Noticed Snorg
 15971 | D:12     | Found Vaoz's Armour Boutique.
 15978 | D:12     | Killed Snorg
 16075 | D:12     | Reached skill level 20 in Axes
 16138 | D:12     | Bought the +0 plate armour of Itata {rPois Regen+ Str-2} for 450 gold pieces
 16425 | D:12     | Noticed Kirke
 16428 | D:12     | Received a gift from Trog
 16448 | D:12     | Killed Kirke
 16724 | D:13     | Found a gate to the Vaults.
 16750 | D:13     | Found a gateway to a bazaar.
 16776 | Bazaar   | Entered a bazaar
 16776 | Bazaar   | Found Xiemilaa's Antique Weapon Boutique.
 16776 | Bazaar   | Found Cuzei's Armour Shop.
 16776 | Bazaar   | Found Keudeam's Armour Shop.
 16810 | Bazaar   | Bought a +2 cloak of poison resistance for 259 gold pieces
 16814 | Bazaar   | Bought a +2 pair of boots of flying for 258 gold pieces
 16993 | D:13     | Noticed Xiin's ghost (journeyman SpEn)
 17013 | D:13     | Killed Xiin's ghost
 17365 | D:14     | Found a sacrificial altar of Ru.
 17401 | D:14     | Received a gift from Trog
 17842 | D:15     | Entered Level 15 of the Dungeon
 18122 | D:15     | Reached XP level 15. HP: 131/136 MP: 4/12
 18188 | D:15     | Got a translucent war axe
 18189 | D:15     | Identified the +6 war axe of the Orange Skies {protect, Str+4} (You found it on level 15 of the Dungeon)
 18291 | D:15     | Found a staircase to the Depths.
 18669 | Orc:1    | Entered Level 1 of the Orcish Mines
 18694 | Orc:1    | Reached skill level 21 in Axes
 18711 | Orc:1    | Received a gift from Trog
 19204 | Orc:2    | Entered Level 2 of the Orcish Mines
 19447 | Orc:2    | Found a roughly hewn altar of Beogh.
 19449 | Orc:2    | Received a gift from Trog
 19532 | Orc:2    | Found a roughly hewn altar of Beogh.
 19678 | Orc:2    | Found a roughly hewn altar of Beogh.
 19738 | Orc:2    | Found a staircase to the Elven Halls.
 19802 | Orc:2    | Found a roughly hewn altar of Beogh.
 19831 | Orc:2    | Found Onyilu Nioni's Weapon Emporium.
 19921 | Orc:2    | Noticed an orc warlord
 19943 | Orc:2    | Killed an orc warlord
 19970 | Orc:2    | Received a gift from Trog
 19994 | Orc:2    | Found Limufun's Antique Weapon Shop.
 19994 | Orc:2    | Found a roughly hewn altar of Beogh.
 19998 | Orc:2    | Found Numeiff's Antique Armour Boutique.
 20037 | Orc:2    | Bought a runed hat for 217 gold pieces
 20088 | Orc:2    | Found Foufyorph's Food Shop.
 20091 | Orc:2    | Bought a ration for 65 gold pieces
 20091 | Orc:2    | Bought a ration for 65 gold pieces
 20091 | Orc:2    | Bought a ration for 65 gold pieces
 20257 | Orc:2    | Found a roughly hewn altar of Beogh.
 20269 | Orc:2    | Found Zoshredorph's Gadget Shoppe.
 20328 | Orc:2    | Found a roughly hewn altar of Beogh.
 20360 | Orc:2    | Received a gift from Trog
 20890 | Swamp:1  | Entered Level 1 of the Swamp
 21125 | Swamp:1  | Noticed a thorn hunter
 21130 | Swamp:1  | Killed a thorn hunter
 21210 | Swamp:1  | Noticed a thorn hunter
 21221 | Swamp:1  | Killed a thorn hunter
 21758 | Swamp:2  | Reached skill level 1 in Crossbows
 22196 | Swamp:2  | Received a gift from Trog
 22660 | Swamp:2  | HP: 1/139 [11-headed hydra[a spriggan druid] (18)]
 22660 | Swamp:2  | Slain by an 11-headed hydra

Vault maps used:
D:1:      nagdon_arrival_double_spiral
D:2:      lemuel_crystal_altar, grunt_temple_overflow_open
D:3:      uniq_sigmund
D:4:      minmay_opposing_rooms, first_ration, dk_vineyard_1, uniq_edmund
D:5:      cheibrodos_helix_gallery, overflow_temple_1_default, enter_ossuary_5
D:7:      lemuel_coloured_pillars_altar, minmay_temple_entry_water_ring,
          serial_shops, nicolae_shop_stone, grunt_livestock
D:8:      lemuel_blue_sif_altar, serial_shops, shop
D:9:      overflow_temple_1_default, kennysheep_little_box,
          eino_small_chamber_without_monster, kennysheep_decorative_pillar
D:11:     david_lair_generic, orc_0_dummy, xom_teletrap_fun
D:12:     serial_shops, shop, uniq_urug, uniq_snorg, uniq_nessos, uniq_kirke
D:13:     david_vaults_2, serial_shops, bzr_entry_safe
D:14:     nicolae_ru_awakened_eye
D:15:     hangedman_depths_entry_try_elsewhere_first, hangedman_decor_growths,
          grunt_ministairs_11
Temple:   jpeg_temple_clearing
Lair:1:   uniq_joseph, uniq_gastronok, uniq_erica
Lair:2:   spider_nest_entry_webs
Lair:3:   serial_bayou_pond_e, st_stairs_4, grunt_megastairs_5
Lair:4:   dragon1_lemuel, nicolae_swamp_entry_splash_gauntlet
Lair:5:   lemuel_another_geyser, serial_bayou_shore_a, infiniplex_staircase_pool
Lair:6:   minmay_lair_end_frog_pond, slime_altar_1, serial_bayou_pond_a,
          uniq_josephine
Swamp:1:  cheibrodos_swamp_tower_of_moss,
          nicolae_swamp_feature_on_the_river_bank, infiniplex_staircase_pool_2
Swamp:2:  cheibrodos_swamp_heart_of_darkness, evilmike_swamp_ruin_house_5,
          swamp_pool4
Orc:2:    grunt_orc_community_town_hall, grunt_orc_community_big_house_2,
          grunt_orc_community_big_house_1, grunt_orc_community_house_1,
          grunt_orc_community_house_1, grunt_orc_community_house_3,
          grunt_orc_community_house_1, grunt_orc_community_house_3,
          serial_shops, nicolae_shop_behind_doors
Bazaar:   bazaar_outfitter
Ossuary:  ossuary_crypta

Skill      XL: |  1  2  3  4  5  6  7  8  9 10 11 12 13 14 15 |
---------------+----------------------------------------------+-----
Axes           | 4 5 6 7 8 9 11 13 14 15 17 18 19 20 21 | 21.7
Fighting       | 6 7 9 10 12 13 14 | 14.3
Armour         | 5 7 9 10 11 13 14 | 14.2
Dodging        | 4 6 8 9 11 12 13 | 13.1
Crossbows      | 3 |  3.5

Action                   |  1- 3 |  4- 6 |  7- 9 | 10-12 | 13-15 || total
-------------------------+-------+-------+-------+-------+-------++-------
Melee: Hand axe          |    72 |   125 |   104 |       |       ||   301
       Headbutt          |     9 |    17 |    44 |    74 |   230 ||   374
       Trident           |       |       |   153 |       |       ||   153
       Executioner's axe |       |       |     7 |   100 |   529 ||   636
       Battleaxe         |       |       |       |   325 |   591 ||   916
       Broad axe         |       |       |       |    11 |     5 ||    16
Invok: Berserk           |     1 |     2 |     3 |     2 |     1 ||     9
       Trog's Hand       |       |     2 |       |     1 |     3 ||     6
       Brothers in Arms  |       |       |     1 |     2 |     2 ||     5
  Use: Scroll            |       |    10 |    10 |    12 |    10 ||    42
       Potion            |       |       |       |       |     2 ||     2
 Stab: Sleeping          |     1 |     2 |     1 |       |       ||     4
       Distracted        |       |       |     1 |       |     1 ||     2
       Confused          |       |       |       |       |     1 ||     1
  Eat: Chunk             |     1 |     7 |    10 |    20 |    36 ||    74
       Ration            |       |       |     2 |     1 |       ||     3
Armor: Animal skin       |    15 |       |       |       |       ||    15
       Ring mail         |    10 |    33 |    43 |    98 |       ||   184
       Troll leather arm |       |       |       |    34 |    71 ||   105
       Plate armour      |       |       |       |       |   555 ||   555
Dodge: Dodged            |    50 |    78 |    77 |   294 |   756 ||  1255

Table legend:
 A = Spawn XP
 B = Non-spawn XP
 C = Spawn XP percentage of total XP
 D = Spawn monster count
 E = Non-spawn monster count
 F = Spawn count percentage of total count
 G = Total turns spent on level
                    A         B        C        D         E        F      G
               +---------+---------+-------+---------+---------+-------+---------
         Total |       0 |  150642 |   0.0 |       0 |     872 |   0.0 | 22660
               +---------+---------+-------+---------+---------+-------+---------
           D:1 |       0 |      59 |   0.0 |       0 |      32 |   0.0 |  1248
           D:2 |       0 |     112 |   0.0 |       0 |      28 |   0.0 |   618
           D:3 |       0 |     293 |   0.0 |       0 |      12 |   0.0 |   741
           D:4 |       0 |     722 |   0.0 |       0 |      36 |   0.0 |  1034
           D:5 |       0 |     582 |   0.0 |       0 |      20 |   0.0 |   697
           D:6 |       0 |     973 |   0.0 |       0 |      15 |   0.0 |   589
           D:7 |       0 |    2031 |   0.0 |       0 |      25 |   0.0 |  1049
           D:8 |       0 |     722 |   0.0 |       0 |      30 |   0.0 |   604
           D:9 |       0 |    1531 |   0.0 |       0 |      19 |   0.0 |   889
          D:10 |       0 |    1738 |   0.0 |       0 |      21 |   0.0 |   875
          D:11 |       0 |    4806 |   0.0 |       0 |      61 |   0.0 |  1365
          D:12 |       0 |   12750 |   0.0 |       0 |      45 |   0.0 |   891
          D:13 |       0 |   11907 |   0.0 |       0 |      39 |   0.0 |   694
          D:14 |       0 |    4279 |   0.0 |       0 |      16 |   0.0 |   557
          D:15 |       0 |   10389 |   0.0 |       0 |      25 |   0.0 |   733
        Lair:1 |       0 |    4018 |   0.0 |       0 |       9 |   0.0 |   684
        Lair:2 |       0 |    2219 |   0.0 |       0 |      13 |   0.0 |   906
        Lair:3 |       0 |    6840 |   0.0 |       0 |      28 |   0.0 |  1196
        Lair:4 |       0 |   12988 |   0.0 |       0 |      41 |   0.0 |   903
        Lair:5 |       0 |    9911 |   0.0 |       0 |      64 |   0.0 |  1201
        Lair:6 |       0 |   18959 |   0.0 |       0 |      71 |   0.0 |  1227
       Swamp:1 |       0 |   13779 |   0.0 |       0 |      29 |   0.0 |   840
       Swamp:2 |       0 |   13588 |   0.0 |       0 |      29 |   0.0 |   930
         Orc:1 |       0 |    6115 |   0.0 |       0 |      53 |   0.0 |   653
         Orc:2 |       0 |    9197 |   0.0 |       0 |     100 |   0.0 |  1187
       Ossuary |       0 |     134 |   0.0 |       0 |      11 |   0.0 |   198
               +---------+---------+-------+---------+---------+-------+---------
